 Dungeon Crawl Stone Soup version 0.31-a0-1008-g5b978dac0e (webtiles) character file.

Game seed: 1444280542541207283

162 Descartes the Firebug (level 5, 0/31 HPs)
             Began as an Octopode Fire Elementalist on Nov 12, 2023.
             Slain by an elf zombie (7 damage)
             ... in an ossuary.
             The game lasted 00:06:35 (3078 turns).

Descartes the Firebug (Octopode Fire Elementalist)  Turns: 3078, Time: 00:06:36

Health: 0/31       AC:  1    Str:  8    XL:     5   Next: 43%
Magic:  2/8        EV: 13    Int: 19    God:
Gold:   131        SH:  0    Dex: 12    Spells: 7/8 levels left

rFire   . . .        (no weapon)
rCold   . . .        (no shield)
rNeg    . . .        (helmet restricted)
rPois   .            (no amulet)
rElec   .            (no ring)
rCorr   .            (no ring)
SInv    .            (no ring)
Will    .....        (no ring)
Stlth   +++          (no ring)
HPRegen 0.25/turn    (no ring)
MPRegen 0.11/turn    (no ring)
                     (no ring)

%: no passive effects
@: no status effects
A: almost no armour, amphibious, 8 rings, camouflage 1, gelatinous body 1,
(nimble swimmer 1), tentacles
a: no special abilities


You were in an ossuary.
You visited 1 branch of the dungeon, and saw 4 of its levels.
You also visited: Ossuary.

You collected 131 gold pieces.

Inventory:

Wands
 j - a wand of iceblast (11)
Scrolls
 d - a scroll of amnesia
 e - a scroll of teleportation
 i - a scroll of blinking
Potions
 a - a potion of magic
 b - 2 potions of ambrosia {unknown}
 c - 2 potions of might {unknown}
 f - 2 potions of mutation {unknown}
 g - a potion of curing {unknown}


   Skills:
 + Level 1.3 Short Blades
 - Level 2.0 Dodging
 - Level 2.7 Stealth
 - Level 2.0 Spellcasting
 - Level 1.0 Conjurations
 + Level 5.6 Fire Magic


You had 7 spell levels left.
You knew the following spells:

 Your Spells              Type           Power      Damage    Failure   Level
a - Foxfire               Conj/Fire      56%        2x1d6     4%          1

Your spell library contained the following spells:

 Spells                   Type           Power      Damage    Failure   Level
 Scorch                   Fire           46%        2d6       2%          2
 Kiss of Death            Conj/Necr      12%        2d6       14%         1
 Inner Flame              Hex/Fire       12%        N/A       16%         3
 Volatile Blastmotes      Fire/Tloc      24%        2d12      16%         3
 Necrotise                Necr           4%         1d4       17%         1
 Flame Wave               Conj/Fire      14%        2d6       38%         4
 Confusing Touch          Hex            1%         N/A       45%         3
 Vampiric Draining        Necr           1%         2d6       45%         3
 Dispel Undead            Necr           1%         3d6       86%         4
 Agony                    Necr           1%         N/A       99%         5


Dungeon Overview and Level Annotations

Branches:
Dungeon (4/15)            Ossuary (1/1)
 Temple: D:4-7

Altars:
Vehumet


Innate Abilities, Weirdness & Mutations

You cannot wear most types of armour.
You are amphibious.
You can wear up to eight rings at the same time.
Your skin changes colour to match your surroundings (Stealth+).
Your rubbery body absorbs attacks. (AC +1, EV +1)
((You are camouflaged when in or above water. (Stealth+)))
You have tentacles for arms and can constrict up to eight enemies at once.


Message History

There is a gate leading back out of this place here.
You open the door.
A mummy and 2 elf zombies come into view.
There is an open door here. 2 elf zombies come into view.
Casting: Foxfire (safe; 4% risk of failure)
Confirm with . or Enter, or press ? or * to list all spells.
You conjure some foxfire!
The elf zombie hits you.
Casting: Foxfire (safe; 4% risk of failure)
Confirm with . or Enter, or press ? or * to list all spells.
You conjure some foxfire!
The foxfire hits the elf zombie.
The elf zombie is lightly damaged.
The elf zombie hits you. The elf zombie barely misses you.
Casting: Foxfire (safe; 4% risk of failure)
Confirm with . or Enter, or press ? or * to list all spells.
You conjure some foxfire!
The foxfire hits the elf zombie.
The elf zombie is lightly damaged.
The foxfire hits the elf zombie but does no damage.
The foxfire hits the elf zombie.
The elf zombie is lightly damaged.
Casting: Foxfire (safe; 4% risk of failure)
Confirm with . or Enter, or press ? or * to list all spells.
You conjure some foxfire!
The foxfire hits the elf zombie.
The elf zombie is lightly damaged.
The elf zombie hits you. x2
Unknown command.
Casting: Foxfire (safe; 4% risk of failure)
Confirm with . or Enter, or press ? or * to list all spells.
You conjure some foxfire!
The foxfire hits the elf zombie.
The elf zombie is lightly damaged.
The foxfire hits the elf zombie.
The elf zombie is lightly damaged.
The elf zombie hits you. x3
* * * LOW HITPOINT WARNING * * *
Casting: Foxfire (safe; 4% risk of failure)
Confirm with . or Enter, or press ? or * to list all spells.
You conjure some foxfire!
The foxfire hits the mummy.
The mummy is lightly damaged.
The elf zombie hits you!
You die...

### ###.###
##.....##
#.......#
#.......#
#..ZMZ..#
#.Z@vZ#
###v### #'#
###.###
##.....##
#.......#
##...∩...##
+...∩∩∩...+
##...∩...##


You could see a mummy and 4 elf zombies.

Vanquished Creatures
  2 hound zombies (D:4)
  3 gnolls (D:2)
  5 adders
  An adder zombie (D:4)
  2 worms (D:2)
  A dart slug (D:2)
  A bat (D:2)
  4 endoplasms
  2 giant cockroaches
  6 hobgoblins
  2 jackals
  2 kobolds
  5 quokkas
  3 ball pythons
  2 frilled lizards
  3 goblins
  5 rats
49 creatures vanquished.

Vanquished Creatures (others)
  231 foxfires
231 creatures vanquished.

Grand Total: 280 creatures vanquished

Notes
Turn   | Place    | Note
-------+----------+-------------------------------------------
     0 | D:1      | Descartes the Octopode Fire Elementalist began the quest
                  | for the Orb.
     0 | D:1      | Reached XP level 1. HP: 11/11 MP: 3/3
   326 | D:1      | Reached XP level 2. HP: 17/17 MP: 1/5
   968 | D:2      | Reached skill level 4 in Fire Magic
   968 | D:2      | Reached XP level 3. HP: 10/21 MP: 3/6
  1209 | D:2      | Reached XP level 4. HP: 24/27 MP: 1/7
  1437 | D:2      | Reached skill level 5 in Fire Magic
  2614 | D:3      | Identified the of Pemadu
  2690 | D:3      | You fall into a shaft and drop 1 floor!
  2758 | D:4      | Found a radiant altar of Vehumet.
  2899 | D:4      | Reached XP level 5. HP: 31/31 MP: 5/8
  2986 | D:4      | Reached skill level 1 in Short Blades
  2993 | D:4      | Found a sand-covered staircase.
  2999 | Ossuary  | Entered an ossuary
  3078 | Ossuary  | Slain by an elf zombie

Illustrated notes

Levels and vault maps discovered:
D:1:      scummos_arrival_checkerplants, layout_loops_ring
D:2:      layout_basic, roderic_serpentine_path
D:3:      layout_loops_ring, nzn_overflow_gifts_of_might_and_magic,
          tgw_kikubaaqudgha, serial_bayou, serial_bayou_pond_b,
          serial_bayou_shore_a, serial_bayou_shore_b, serial_bayou_pond_e,
          serial_bayou_pond_c, chequers_serial_rivers_micro_a,
          minmay_fractal_squares_5, uniq_ijyb
D:4:      layout_basic, grunt_temple_overflow_champion_of_chaos,
          vehumet_crystals, mainiacjoe_ossuary_entry_find_the_door
Ossuary:  ossuary_minmay_four_chambers

Skill      XL: |  1  2  3  4  5 |
---------------+----------------+-----
Fire Magic     | 4 5 |  5.6
Short Blades   | 1 |  1.3
Dodging        | |  2.0
Stealth        | |  2.7
Spellcasting   | |  2.0
Conjurations   | |  1.0

Action                     |  1- 3 |  4- 6 || total
---------------------------+-------+-------++-------
  Melee: Unarmed           |       |    11 ||    11
         Constrict         |       |     5 ||     5
         Tentacles         |       |     5 ||     5
   Cast: Foxfire           |    50 |    87 ||   137
    Use: Scroll            |       |     4 ||     4
 Armour: Skin              |     5 |    27 ||    32
  Dodge: Dodged            |     5 |    26 ||    31

Table legend: (Time is in decaauts)
 A = Elapsed time spent in this place.
 B = Non-inter-level travel time spent in this place.
 C = Inter-level travel time spent in this place.
 D = Time resting spent in this place.
 E = Time spent auto-exploring this place.
 F = Levels seen in this place.
 G = Mean time per level.
                   A        B        C        D        E       F      G
               +--------+--------+--------+--------+--------+-----+--------+
         Total |   3078 |   3007 |     71 |      0 |   2401 |   5 |  615.6 |
       Dungeon |   3000 |   2929 |     71 |      0 |   2331 |   4 |  750.0 |
       Ossuary |     78 |     78 |      0 |      0 |     70 |   1 |   78.0 |
               +--------+--------+--------+--------+--------+-----+--------+

Top non-repeatable levels by time:
     D:2: 1584 daAuts
     D:1: 1031 daAuts
     D:4: 308 daAuts
 Ossuary: 78 daAuts
     D:3: 75 daAuts
